 Dungeon Crawl Stone Soup version 0.28-a0-697-g47f3eba078 (webtiles) character file.

Game seed: 7744684516904000129

1592 BlueGoblin the Nimble (level 8, -5/38 (39) HPs)
             Began as a Spriggan Monk on Oct 23, 2021.
             Was a Believer of Yredelemnul.
             Engulfed by a cloud of flame (26 damage)
             ... on level 6 of the Dungeon.
             The game lasted 00:22:58 (10541 turns).

BlueGoblin the Nimble (Spriggan Monk)              Turns: 10541, Time: 00:22:58

HP:   -5/38 (39)    AC:  4    Str: 13    XL:     8   Next: 61%
MP:   9/9           EV: 29    Int: 11    God:    Yredelemnul [**....]
Gold: 274           SH:  0    Dex: 20    Spells: 7/7 levels left

rFire   . . .      SeeInvis +   a - +3 dagger
rCold   . . .      Faith    .   (shield restricted)
rNeg    . . .      Spirit   .   g - +1 robe
rPois   .          Reflect  .   (helmet restricted)
rElec   .          Harm     .   s - +0 cloak
rCorr   .          Rampage  .   (gloves unavailable)
Will    +....                   (boots unavailable)
Stlth   +++.......              (no amulet)
HPRegen 0.12/turn               m - +6 ring of strength
MPRegen 0.11/turn               (no ring)

@: lightly drained, very quick
A: very small, no large weapons, unfitting armour, see invisible, speed 3
a: Renounce Religion, Animate Remains, Recall Undead Slaves, Injury Mirror


You were on level 6 of the Dungeon.
You worshipped Yredelemnul.
Yredelemnul was pleased with you.
You visited 1 branch of the dungeon, and saw 6 of its levels.

You collected 274 gold pieces.

Inventory:

Hand Weapons
 a - a +3 dagger (weapon)
 b - a +2 short sword of holy wrath
 d - a +0 short sword
 h - a +2 dagger of speed
 r - a +4 quarterstaff of chaos
Missiles
 e - 129 stones
 i - 23 sling bullets
 l - 53 bolts
 q - 8 poisoned darts
Armour
 g - a +1 robe (worn)
 s - a +0 cloak (worn)
Jewellery
 f - a +6 ring of intelligence
 m - a +6 ring of strength (left hand)
 u - a ring of resist corrosion
Wands
 j - a wand of digging (6)
 n - a wand of flame (1) (quivered)
Scrolls
 c - 2 scrolls of identify
 p - 2 scrolls of teleportation
 x - 2 scrolls of vulnerability {unknown}
Potions
 k - 2 potions of attraction
 o - 2 potions of flight
 t - a potion of ambrosia {unknown}
 v - a potion of degeneration {unknown}
 w - a potion of might {unknown}
 z - a potion of resistance {unknown}


   Skills:
 - Level 2.4 Fighting
 - Level 3.2 Short Blades
 + Level 14.5 Dodging
 - Level 3.0 Stealth


You had 7 spell levels left.
You didn't know any spells.
Your spell library contained the following spells:

 Spells                   Type           Power      Damage    Failure   Level
 Beastly Appendage        Tmut           0%         N/A       34%         1
 Wereblood                Tmut           0%         N/A       47%         2
 Spider Form              Tmut/Pois      0%         N/A       71%         3


Dungeon Overview and Level Annotations

Branches:
Dungeon (6/15)             Temple (0/1) D:6

Altars:
Cheibriados
Elyvilon
Kikubaaqudgha
Okawaru
Sif Muna
Yredelemnul
The Shining One


Innate Abilities, Weirdness & Mutations

You are very small and have problems with some larger weapons.
You are too small for most types of armour.
You have supernaturally acute eyesight. (SInv)
You cover ground extremely quickly. (Speed+++)


Message History

Your life force feels restored.
You start resting.
A wight comes into view. It is wielding a +3 long sword.
A wight is nearby!
Aiming: Throw Flame
Press: ? - help, Q - select action, (/) - cycle Shift-Dir - straight line, f - wight
Aim: a wight, wielding a +3 long sword and wearing a +0 robe (wandering, hasn't noticed you, 68% to hit)
Okay, then.
There is an open door here.
You open the door.
There is an open door here.
You start resting.
A wight is nearby!
There is an open door here.
There is an open door here.
Things that are here:
a +0 flail; a +0 robe You attempt to give life to the dead...
There are no remains here to animate!
You attempt to give life to the dead...
There are no remains here to animate!
You start resting.
A wight is nearby!
Search for what [Enter for "."]? .
You start resting.
A wight is nearby!
Aiming: Throw Flame
Press: ? - help, Q - select action, (/) - cycle Shift-Dir - straight line, f - wight
Aim: a wight, wielding a +3 long sword and wearing a +0 robe (68% to hit)
The puff of flame misses the wight.
Aiming: Throw Flame
Press: ? - help, Q - select action, (/) - cycle Shift-Dir - straight line, f/p - wight
Aim: a wight, wielding a +3 long sword and wearing a +0 robe (68% to hit)
The puff of flame hits the wight but does no damage.
Really walk into a travel-excluded area?
The wight is engulfed in blazing flames.
The wight hits you with a +3 long sword.
You feel drained.
You are engulfed in blazing flames.
Ouch! That really hurt!
You die...
Your body rises from the dead as a mindless zombie.

#.# #...............#.....#######
#.# #............○..##...## #.#
#..°............#....# #.#
#...............###.## ..#
#.☼........z....# #.# ###
#...............###'## ##
#............○○.##...## #. #
#............○..#.....## #. ##
#...........@.○.#......## #.
.####.......>...☼...#..Z....####<
....#################..Z....'....
.#### ##.....##.........####.
###### #........#.......## ##
.....# #.#....#.##.....## #
..##.# #.....##.###...## ...#.#
#..#####.# ##'## ...#.#
#..#####.# #.#


You could see a wight.

Vanquished Creatures
  Pikel (D:3)
  2 ice beasts
  A phantom (D:5)
  A lemure (D:3)
  A water moccasin zombie (D:5)
  A wight (D:6)
  A howler monkey (D:6)
  A hound (D:5)
  Crazy Yiuf (D:4)
  An orc priest (D:4)
  3 bullfrog skeletons
  3 iguanas
  Ijyb (D:3)
  3 orc wizards (D:4)
  A killer bee zombie (D:5)
  Robin (D:3)
  3 gnolls (D:6)
  6 adders
  An ufetubus (D:4)
  3 worms
  3 dart slugs
  10 orcs
  4 bats
  5 endoplasms
  2 giant cockroaches
  9 hobgoblins
  2 jackals (D:4)
  A quokka (D:3)
  9 ball pythons
  A frilled lizard (D:3)
  15 goblins
  10 kobolds
  6 rats
113 creatures vanquished.

Vanquished Creatures (collateral kills)
  A water moccasin skeleton (D:6)
  2 wights (D:6)
  An iguana (D:6)
  An orc wizard (D:5)
  An adder (D:6)
  An orc (D:5)
7 creatures vanquished.

Vanquished Creatures (others)
  An ice beast (D:6)
  A wyvern skeleton (D:6)
  An adder skeleton (D:5)
  An adder zombie (D:6)
  2 gnoll zombies (D:6)
  An iguana zombie (D:6)
  An orc zombie (D:4)
8 creatures vanquished.

Grand Total: 128 creatures vanquished

Notes
Turn   | Place    | Note
-------+----------+-------------------------------------------
     0 | D:1      | BlueGoblin the Spriggan Monk began the quest for the Orb.
     0 | D:1      | Reached XP level 1. HP: 11/11 MP: 2/2
   332 | D:1      | Reached XP level 2. HP: 16/16 MP: 3/3
   450 | D:1      | Reached skill level 5 in Dodging
   924 | D:1      | Found a faded altar of an unknown god.
  1486 | D:2      | Reached XP level 3. HP: 19/19 MP: 4/4
  2137 | D:3      | Noticed Robin
  2151 | D:3      | Reached skill level 6 in Dodging
  2800 | D:3      | Reached XP level 4. HP: 23/23 MP: 5/5
  3011 | D:3      | Killed Robin
  3198 | D:3      | Found an iron altar of Okawaru.
  3207 | D:3      | Found a snail-covered altar of Cheibriados.
  3284 | D:3      | Reached skill level 7 in Dodging
  3428 | D:3      | Found an ancient bone altar of Kikubaaqudgha.
  3634 | D:3      | Noticed Ijyb
  3923 | D:3      | Killed Ijyb
  3924 | D:3      | Reached XP level 5. HP: 21/27 MP: 6/6
  4816 | D:4      | Reached skill level 8 in Dodging
  5338 | D:4      | Noticed a lemure
  5339 | D:4      | Noticed a lemure
  5340 | D:4      | Noticed Pikel
  5340 | D:4      | Noticed a lemure
  5341 | D:4      | Noticed a lemure
  5941 | D:3      | Killed a lemure
  6428 | D:3      | Killed Pikel
  6429 | D:3      | Reached skill level 11 in Dodging
  6429 | D:3      | Reached XP level 6. HP: 20/32 MP: 7/7
  6429 | D:3      | Reached XP level 7. HP: 22/35 MP: 8/8
  7309 | D:4      | Found a runed translucent door.
  7310 | D:4      | Noticed Crazy Yiuf
  7435 | D:4      | Killed Crazy Yiuf
  7461 | D:5      | Entered Level 5 of the Dungeon
  7482 | D:5      | Found a white marble altar of Elyvilon.
  7492 | D:5      | Reached skill level 12 in Dodging
  7872 | D:5      | Found a shimmering blue altar of Sif Muna.
  7905 | D:5      | Reached XP level 8. HP: 37/39 MP: 9/9
  8123 | D:5      | Found a glowing golden altar of the Shining One.
  8133 | D:5      | Found a basalt altar of Yredelemnul.
  8177 | D:5      | Noticed a profane servitor
  8184 | D:5      | Became a worshipper of Yredelemnul the Dark
  8184 | D:5      | Reached * piety under Yredelemnul
  8184 | D:5      | Reached ** piety under Yredelemnul
  8521 | D:5      | Reached skill level 13 in Dodging
 10141 | D:6      | Reached skill level 14 in Dodging
 10187 | D:6      | Found a staircase to the Ecumenical Temple.
 10541 | D:6      | Engulfed by a cloud of flame

Illustrated notes

Levels and vault maps discovered:
D:1:      evilmike_arrival_plus, layout_rooms,
          hellmonk_ecumenical_altar_leap_of_faith, minmay_misc_feat_cross
D:2:      layout_basic, nrook_mini_backslash, grunt_ministairs_2
D:3:      layout_basic, lemuel_crystal_altar, minitemple, kennysheep_potato,
          uniq_ijyb, uniq_robin
D:4:      layout_basic, minmay_quadrilaterals, uniq_pikel,
          uniq_crazy_yiuf_cottage
D:5:      layout_rooms, grunt_temple_overflow_holy_war, old_standard_altar,
          amcnicky_altar_gilded, minmay_curled_crystal
D:6:      layout_loops_corners, lemuel_temple_firewalk_b

Skill      XL: |  1  2  3  4  5  6  7  8 |
---------------+-------------------------+-----
Dodging        | 5 6 7 11 12 14 | 14.5
Fighting       | |  2.4
Short Blades   | |  3.2
Stealth        | |  3.0

Action                   |  1- 3 |  4- 6 |  7- 9 || total
-------------------------+-------+-------+-------++-------
Melee: Short sword       |   140 |   110 |       ||   250
       Dagger            |       |   145 |   283 ||   428
Throw: Stone             |     5 |     3 |     1 ||     9
       Dart              |       |    25 |     3 ||    28
Invok: Animate Remains   |       |       |    10 ||    10
       Recall Undead Sla |       |       |     4 ||     4
Evoke: Wand              |       |       |    15 ||    15
  Use: Scroll            |       |     9 |       ||     9
 Stab: Sleeping          |     6 |     2 |     2 ||    10
       Distracted        |       |     1 |     1 ||     2
Armor: Robe              |    10 |    12 |    13 ||    35
Dodge: Dodged            |   112 |   230 |   239 ||   581

Table legend: (Time is in decaauts)
 A = Elapsed time spent in this place.
 B = Non-inter-level travel time spent in this place.
 C = Inter-level travel time spent in this place.
 D = Time resting spent in this place.
 E = Time spent auto-exploring this place.
 F = Levels seen in this place.
 G = Mean time per level.
                   A        B        C        D        E       F      G
               +--------+--------+--------+--------+--------+-----+--------+
         Total |   8317 |   8122 |    195 |   2460 |   3615 |   6 | 1386.2 |
       Dungeon |   8317 |   8122 |    195 |   2460 |   3615 |   6 | 1386.2 |
               +--------+--------+--------+--------+--------+-----+--------+

Top non-repeatable levels by time:
     D:3: 2574 daAuts
     D:4: 1463 daAuts
     D:6: 1384 daAuts
     D:2: 1115 daAuts
     D:5: 927 daAuts
     D:1: 851 daAuts
